 Dungeon Crawl Stone Soup version 0.29-a0-824-gd827844252 (webtiles) character file.

Game seed: 605551534952135276

13134 buhh the Timeless (level 12, -6/97 HPs)
             Began as an Octopode Transmuter on July 11, 2022.
             Was a High Priest of Cheibriados.
             Mangled by a five-headed hydra (41 damage)
             ... on level 2 of the Lair of Beasts.
             The game lasted 00:27:11 (18278 turns).

buhh the Timeless (Octopode Transmuter)            Turns: 18278, Time: 00:27:12

Health: -6/97      AC:  9    Str: 21    XL:     12   Next: 2%
Magic:  24/30      EV:  1    Int: 30    God:    Cheibriados [*****.]
Gold:   507        SH:  0    Dex: 24    Spells: 3/15 levels left

rFire   x . .      SeeInvis .     - Unarmed
rCold   + + +      Faith    .   (shield currently unavailable)
rNeg    . . .      Spirit   .   (helmet currently unavailable)
rPois   +          Reflect  .   (no amulet)
rElec   .          Harm     .   q - ring of willpower
rCorr   .          Rampage  .   b - ring of magical power
Will    +....                   (no ring)
Stlth   +++.......              (no ring)
HPRegen 0.26/turn               (no ring)
MPRegen 0.22/turn               (no ring)
                                (no ring)
                                (no ring)

@: ice-form, sleeping, marked, freezing walls, very slow
A: freezing attack, boosted hp, almost no armour, amphibious, 8 rings, large,
(camouflage 1), (gelatinous body 1), (nimble swimmer 1), (tentacles)
a: End Transformation, Renounce Religion, Bend Time, Temporal Distortion,
Slouch, Step From Time


You were on level 2 of the Lair of Beasts.
You worshipped Cheibriados.
Cheibriados was extremely pleased with you.
You were a creature of crystalline ice.
You visited 3 branches of the dungeon, and saw 13 of its levels.
You also visited: Bailey.

You collected 562 gold pieces.
You spent 55 gold pieces at shops.

Inventory:

Missiles
 i - 35 poisoned darts
 w - 14 throwing nets
 y - a curare-tipped dart
Armour
 p - a +2 hat (melded)
Magical Staves
 e - a staff of earth
Jewellery
 b - a ring of magical power (right front paw)
 q - a ring of willpower (left front paw)
 s - a ring of fire
 F - a ring of ice
Wands
 m - a wand of polymorph (11)
 C - a wand of iceblast (15)
 E - a wand of flame (61)
 G - a wand of light (2)
Scrolls
 a - 6 scrolls of identify {!d}
 c - 6 scrolls of teleportation {!d!d}
 f - 2 scrolls of fog
 g - a scroll of amnesia
 h - 3 scrolls of enchant armour
 j - 4 scrolls of enchant weapon
 A - a scroll of fear {unknown}
 D - a scroll of silence {unknown}
 H - a scroll of brand weapon {unknown}
Potions
 k - 3 potions of invisibility {unknown}
 l - 3 potions of haste {unknown}
 n - 5 potions of lignification {!d}
 o - 2 potions of heal wounds {unknown}
 r - a potion of brilliance {unknown}
 t - a potion of resistance {unknown}
 v - 12 potions of curing {!d}
 x - a potion of attraction {unknown}
 z - 3 potions of degeneration
 B - 2 potions of magic {unknown}
 Z - a potion of flight
Miscellaneous
 d - a box of beasts
 u - a condenser vane


   Skills:
 * Level 7.3 Fighting
 * Level 7.3 Dodging
 - Level 2.0 Stealth
 * Level 7.3 Unarmed Combat
 - Level 2.0 Spellcasting
 * Level 6.6 Transmutations
 - Level 6.0 Ice Magic
 - Level 1.0 Poison Magic
 + Level 12.7 Invocations


You had 3 spell levels left.
You knew the following spells:

 Your Spells              Type           Power      Damage    Failure   Level
a - Frozen Ramparts       Ice            78%        1d9       1%          3
b - Wereblood             Tmut           42%        N/A       1%          2
c - Spider Form           Tmut/Pois      25%        N/A       4%          3
d - Ice Form              Ice/Tmut       40%        N/A       6%          4

Your spell library contained the following spells:

 Spells                   Type           Power      Damage    Failure   Level
 Beastly Appendage        Tmut           84%        N/A       1%          1
 Ensorcelled Hibernation  Hex/Ice        42%        N/A       3%          2
 Blink                    Tloc           6%         N/A       12%         2
 Summon Ice Beast         Ice/Summ       21%        N/A       22%         4
 Anguish                  Hex/Necr       1%         N/A       61%         4
 Manifold Assault         Tloc           3%         N/A       91%         5
 Enfeeble                 Hex            1%         N/A       100%        7
 Storm Form               Tmut/Air       11%        N/A       100%        7


Dungeon Overview and Level Annotations

Branches:
Dungeon (10/15) Zot: 38710  Temple (1/1) D:5 Zot: 8905    Lair (2/6) D:9 Zot: 15123
 Spider (0/4) Lair:2          Orc (0/2) D:9          Bailey (visited)
  Swamp: Lair:2-4    Shoals: Lair:2-4

Altars:
Ashenzari
Cheibriados
Fedhas
Gozag
Hepliaklqana
Kikubaaqudgha
Nemelex Xobeh
Okawaru
Sif Muna
Trog
Uskayaw
Vehumet
Wu Jian
Xom
Yredelemnul
The Shining One

Shops:
D:2 *:

Annotations:
D:3 exclusion: goblin
D:4 1 runed translucent door, Crazy Yiuf
D:5 Duvessa, Sigmund
D:7 exclusion: jelly, zhov's ghost, novice DsNe
D:9 exclusion: two-headed ogre


Innate Abilities, Weirdness & Mutations

You are a creature of crystalline ice.
You have a powerful freezing melee attack.
Your maximum health is increased.
Your armour is entirely melded.
You are incapable of wielding weapons or throwing items.
You cannot wear most types of armour.
You are amphibious.
You can wear up to eight rings at the same time.
((Your skin changes colour to match your surroundings (Stealth+).))
((Your rubbery body absorbs attacks. (AC +1, EV +1)))
((You are camouflaged when in or above water. (Stealth+)))
((You have tentacles for arms and can constrict up to eight enemies at once.))


Message History

A torpor snail comes into view.
Being near the torpor snail leaves you feeling lethargic.
A torpor snail is nearby!
A five-headed hydra comes into view.
A dream sheep comes into view.
Casting: Frozen Ramparts (safe; 1% risk of failure)
Press: ? - help, Dir - look around, f - activate The walls around you are covered in ice.
You feel yourself speed up.
A dream sheep comes into view.
Being near the torpor snail leaves you feeling lethargic.
You hit the torpor snail but do no damage.
The wall freezes the dream sheep!
The wall freezes the torpor snail!
The torpor snail bites you!
The wall freezes the dream sheep.
You hit the torpor snail but do no damage.
The torpor snail is moderately wounded.
The wall freezes the dream sheep.
The wall freezes the torpor snail!
The torpor snail closely misses you.
You punch the torpor snail! You freeze the torpor snail.
The torpor snail is severely wounded.
The wall freezes the dream sheep.
The wall freezes the torpor snail!
The torpor snail bites you!
You punch the torpor snail! You freeze the torpor snail.
You kill the torpor snail!
Cheibriados appreciates the change of pace.
You feel yourself speed up.
The wall freezes the dream sheep. x2; The wall freezes the dream sheep!
The dream sheep shake their wool and sparkle.
You feel drowsy...
You fall asleep.
The wall freezes the dream sheep!
You kill the dream sheep!
Cheibriados appreciates the change of pace.
The wall freezes the dream sheep!
You kill the dream sheep!
Cheibriados appreciates the change of pace.
You have reached level 12!
The wall freezes the five-headed hydra!
The five-headed hydra seems to slow down.
The five-headed hydra bites you!!!
You die...

#.......###.# ..........
#### .............
≈≈...≈≈ .............
≈...... ............
..m...## .....P#.##.
#......## #......+###
#.#.....######
#....#.....
#......#Y...###..........
#.....)D'..........##....
+......##...##.....##....
##....###...##.....##....
#.....# #######.....#.###
........# #.....#.###.
......... ##..........
......... .............
#####..## ###P##P##.#P#


You could see a five-headed hydra (slow).

Vanquished Creatures
  A hydra (Lair:1)
  Nergalle (D:10)
  A merfolk siren (Lair:2)
  3 cane toads (Lair:1)
  A torpor snail (Lair:2)
  A rime drake (Lair:1)
  A komodo dragon (Lair:2)
  2 trolls (D:10)
  4 dream sheep (Lair:2)
  A shadow (D:9)
  10 yaks
  2 wraiths (D:10)
  A wyvern (D:9)
  2 redbacks (Lair:2)
  2 vampire mosquitoes (D:10)
  An acid dragon (D:10)
  8 water moccasins
  2 black bears
  A sky beast (D:7)
  An ice beast (D:6)
  3 orc warriors
  An ogre (D:5)
  11 wolves
  3 centaurs
  3 phantoms
  3 kobold brigands
  2 bullfrogs
  12 gnoll sergeants
  2 necrophages
  2 scorpions
  7 wights
  10 killer bees (D:9)
  2 jellies
  7 gnoll boudas
  3 orc priests
  4 hounds
  4 iguanas
  Ijyb (D:4)
  2 orc wizards
  31 gnolls
  8 adders
  2 white imps
  3 ufetubi
  A worm (D:2)
  2 dart slugs
  20 orcs
  9 ball pythons
  5 bats
  4 endoplasms
  2 giant cockroaches
  8 hobgoblins
  11 jackals
  23 kobolds
  6 quokkas
  3 frilled lizards
  6 goblins
  5 rats
277 creatures vanquished.

Vanquished Creatures (others)
  5 fungi (Lair:2)
  6 plants (Lair:2)
11 creatures vanquished.

Grand Total: 288 creatures vanquished

Notes
Turn   | Place    | Note
-------+----------+-------------------------------------------
     0 | D:1      | buhh the Octopode Transmuter began the quest for the Orb.
     0 | D:1      | Reached XP level 1. HP: 13/13 MP: 3/3
   182 | D:1      | Reached skill level 1 in Stealth
   295 | D:1      | Reached XP level 2. HP: 13/18 MP: 3/5
   298 | D:1      | Reached skill level 1 in Poison Magic
   635 | D:1      | Reached XP level 3. HP: 23/23 MP: 4/6
  1484 | D:2      | Found Qerphaqe's General Store.
  1492 | D:2      | Bought a scroll of teleportation for 33 gold pieces
  1492 | D:2      | Bought a scroll of identify for 22 gold pieces
  1553 | D:2      | Found Ruxzu's Vocational Training.
  1935 | D:3      | Reached XP level 4. HP: 27/29 MP: 7/7
  1962 | D:3      | Found an opulent altar of Gozag.
  2538 | D:3      | HP: 1/29 [goblin/+0 long sword (9)]
  3009 | D:3      | Reached XP level 5. HP: 13/35 MP: 6/8
  3207 | D:3      | Learned a level 2 spell: Wereblood
  3211 | D:3      | Learned a level 3 spell: Spider Form
  4502 | D:4      | Noticed a phantom
  4556 | D:4      | Reached XP level 6. HP: 35/42 MP: 5/9
  4680 | D:4      | Noticed Ijyb
  5107 | D:5      | Entered Level 5 of the Dungeon
  5173 | D:5      | Reached XP level 7. HP: 37/47 MP: 7/10
  5570 | D:5      | Noticed Duvessa
  5741 | D:5      | Found a staircase to the Ecumenical Temple.
  5749 | Temple   | Entered the Ecumenical Temple
  5799 | Temple   | Became a worshipper of Cheibriados the Contemplative
  5860 | D:5      | Reached skill level 5 in Unarmed Combat
  6965 | D:4      | Killed Ijyb
  7094 | D:4      | Found a runed translucent door.
  7095 | D:4      | Noticed Crazy Yiuf
  7290 | D:5      | Noticed Sigmund
  7472 | D:6      | Reached XP level 8. HP: 54/54 MP: 7/11
  7570 | D:6      | Reached skill level 5 in Dodging
  7966 | D:6      | Reached * piety under Cheibriados
  8374 | D:6      | Reached skill level 1 in Ice Magic
  8462 | D:7      | Noticed a two-headed ogre
  8488 | D:7      | Reached skill level 5 in Fighting
  8774 | D:7      | Found a bloodstained altar of Trog.
  8976 | D:7      | Learned a level 3 spell: Frozen Ramparts
  9000 | D:7      | Noticed zhov's ghost (novice DsNe)
  9043 | D:8      | Found a flagged portal.
  9054 | Bailey   | Entered a bailey
  9442 | Bailey   | Reached ** piety under Cheibriados
  9443 | Bailey   | Reached XP level 9. HP: 56/61 MP: 4/12
  9843 | Bailey   | Reached skill level 5 in Transmutations
 11211 | Bailey   | Learned a level 4 spell: Ice Form
 11551 | Bailey   | Reached *** piety under Cheibriados
 12292 | D:8      | Reached skill level 1 in Invocations
 12662 | D:8      | Found the +15 Maxwell's patent armour {-Cast -Tele rElec
                  | Will+ rCorr}
 13061 | D:7      | Reached XP level 10. HP: 69/69 MP: 13/13
 13163 | D:9      | Reached skill level 2 in Invocations
 13323 | D:9      | Found a staircase to the Lair.
 13565 | D:9      | Found a glowing golden altar of the Shining One.
 13577 | D:9      | Reached **** piety under Cheibriados
 13578 | D:9      | Reached skill level 5 in Ice Magic
 13670 | D:9      | Found an ancient bone altar of Kikubaaqudgha.
 13716 | D:9      | Found a staircase to the Orcish Mines.
 13724 | D:9      | Reached skill level 3 in Invocations
 14223 | D:9      | Reached skill level 4 in Invocations
 14397 | D:9      | Noticed a two-headed ogre
 14656 | D:9      | Reached skill level 5 in Invocations
 14770 | D:9      | Identified the +1 robe of the Marlin {+Inv rPois}
 14877 | D:10     | Entered Level 10 of the Dungeon
 14891 | D:10     | Reached ***** piety under Cheibriados
 14892 | D:10     | Reached skill level 6 in Invocations
 15246 | D:10     | Reached skill level 7 in Invocations
 15258 | D:10     | Reached skill level 8 in Invocations
 15447 | D:10     | Reached XP level 11. HP: 75/75 MP: 9/17
 15522 | D:10     | Noticed Nergalle
 15530 | D:10     | Killed Nergalle
 15531 | D:10     | Reached skill level 9 in Invocations
 16031 | Lair:1   | Entered Level 1 of the Lair of Beasts
 16031 | Lair:1   | Noticed a seven-headed hydra
 16037 | Lair:1   | Reached skill level 10 in Invocations
 16041 | Lair:1   | Killed a seven-headed hydra
 16043 | Lair:1   | Reached skill level 11 in Invocations
 17086 | Lair:1   | Reached skill level 12 in Invocations
 17574 | Lair:2   | Found a hole to the Spider Nest.
 18270 | Lair:2   | Noticed a five-headed hydra
 18277 | Lair:2   | Reached XP level 12. HP: 34/81 MP: 21/21
 18278 | Lair:2   | Mangled by a five-headed hydra

Illustrated notes

Levels and vault maps discovered:
D:1:      spicycebolla_arrival_ecumenical, layout_loops_ring, minivault_26
D:2:      layout_basic, serial_shops, nicolae_square_shop,
          nicolae_shop_vocational
D:3:      layout_basic, marbit_many_paths, kennysheep_generic_room_12
D:4:      layout_cave_pools, uniq_ijyb, uniq_crazy_yiuf_cottage
D:5:      layout_cave_pods, minmay_temple_entry_grid, uniq_sigmund, uniq_duvessa
D:6:      layout_loops_ring, nrook_campfire
D:7:      layout_basic, old_standard_altar, gammafunk_ghost_icy
D:8:      layout_gridville, enter_bailey_2, dreamdust_mushroom_princess
D:9:      layout_grid_maze, mainiacjoe_overflow_catch_the_wave,
          lair_entry_dummy, orc_0_dummy
D:10:     layout_basic, st_stairs_5, uniq_nergalle
Temple:   eino_narrow_crystal_temple
Lair:1:   layout_cave_pods
Lair:2:   layout_regular_city, minmay_shoals_entry_lonely_mermaid,
          spider_nest_entry_a

Skill      XL: |  1  2  3  4  5  6  7  8  9 10 11 |
---------------+----------------------------------+-----
Stealth        | 1 2 |  2.0
Poison Magic   | 1 |  1.0
Fighting       | 2 3 4 5 6 7 |  7.3
Dodging        | 3 4 5 7 |  7.3
Unarmed Combat | 4 5 6 7 |  7.3
Transmutations | 3 4 6 |  6.6
Ice Magic      | 2 4 6 |  6.0
Invocations    | 1 8 12 | 12.7
Spellcasting   | |  2.0

Action                   |  1- 3 |  4- 6 |  7- 9 | 10-12 || total
-------------------------+-------+-------+-------+-------++-------
Melee: Unarmed           |    84 |   126 |   252 |   187 ||   649
       Kick              |    25 |    20 |     2 |       ||    47
       Constrict         |    24 |    16 |    18 |       ||    58
       Tentacles         |    15 |    12 |    17 |       ||    44
       Punch             |     4 |       |     2 |       ||     6
Throw: Dart              |       |       |    19 |       ||    19
       Throwing net      |       |       |     5 |       ||     5
 Cast: Beastly Appendage |    31 |    22 |     3 |       ||    56
       Spider Form       |       |     8 |    23 |       ||    31
       Frozen Ramparts   |       |       |    46 |    25 ||    71
       Wereblood         |       |       |     4 |       ||     4
       Ice Form          |       |       |    10 |    41 ||    51
Invok: Slouch            |       |       |       |     2 ||     2
Evoke: Wand              |       |       |     8 |     1 ||     9
  Use: Scroll            |     2 |       |     8 |     4 ||    14
       Potion            |       |     1 |       |     5 ||     6
 Stab: Sleeping          |    10 |     4 |     6 |       ||    20
       Invisible         |       |       |       |     1 ||     1
Armor: Skin              |     6 |    19 |    29 |    55 ||   109
Dodge: Dodged            |    39 |    91 |   250 |   162 ||   542

Table legend: (Time is in decaauts)
 A = Elapsed time spent in this place.
 B = Non-inter-level travel time spent in this place.
 C = Inter-level travel time spent in this place.
 D = Time resting spent in this place.
 E = Time spent auto-exploring this place.
 F = Levels seen in this place.
 G = Mean time per level.
                   A        B        C        D        E       F      G
               +--------+--------+--------+--------+--------+-----+--------+
         Total |  21361 |  20364 |    997 |   2918 |  13421 |  14 | 1525.8 |
       Dungeon |  15349 |  14435 |    914 |   1789 |  10223 |  10 | 1534.9 |
        Temple |     69 |     51 |     18 |      0 |     41 |   1 |   69.0 |
          Lair |   2877 |   2814 |     63 |      0 |   2560 |   2 | 1438.5 |
        Bailey |   3065 |   3065 |      0 |   1129 |    597 |   1 | 3065.0 |
               +--------+--------+--------+--------+--------+-----+--------+

Top non-repeatable levels by time:
  Bailey: 3065 daAuts
     D:3: 2662 daAuts
     D:9: 2616 daAuts
  Lair:1: 1878 daAuts
     D:5: 1746 daAuts
     D:6: 1541 daAuts
    D:10: 1490 daAuts
     D:1: 1328 daAuts
     D:4: 1303 daAuts
     D:8: 1271 daAuts
  Lair:2: 998 daAuts
     D:7: 836 daAuts
     D:2: 551 daAuts
  Temple: 69 daAuts
